 Dungeon Crawl Stone Soup version 0.21.1-1-g345015f (webtiles) character file.

171 Mirai the Covered (level 5, -4/41 HPs)
             Began as a Demonspawn Fighter on Mar 7, 2018.
             Slain by an orc
             ... wielding a +0 flail
              (7 damage)
             ... on level 3 of the Dungeon.
             The game lasted 00:03:50 (1703 turns).

Mirai the Covered (Demonspawn Fighter)              Turns: 1703, Time: 00:03:51

Health: -4/41      AC: 10    Str: 23    XL:     5   Next: 26%
Magic:  5/5        EV:  7    Int:  9    God:
Gold:   100        SH:  9    Dex: 12    Spells: 4/4 levels left

rFire    . . .     SeeInvis .   a - +0 war axe
rCold    . . .     Gourm    .   c - +0 shield
rNeg     . . .     Faith    .   b - +0 scale mail
rPois    .         Spirit   .   (helmet restricted)
rElec    .         Reflect  .   n - +0 cloak (curse)
rCorr    .         Harm     .   (no gloves)
MR       .....                  (no boots)
Stlth    ..........             (no amulet)
HPRegen  0.13/turn              (no ring)
MPRegen  0.09/turn              (no ring)

@: mighty
A: horns 1, iridescent scales 1
a: no special abilities


You were on level 3 of the Dungeon.
You were hungry.

You visited 1 branch of the dungeon, and saw 3 of its levels.

You collected 100 gold pieces.

Inventory:

Hand Weapons
 a - a +0 war axe (weapon)
Armour
 b - a +0 scale mail (worn)
 c - a +0 shield (worn)
 n - a cursed +0 cloak (worn)
Wands
 k - a wand of digging (14)
Scrolls
 h - 3 scrolls of teleportation {unknown}
 i - a scroll of remove curse {unknown}
 j - a scroll of enchant weapon {unknown}
 q - a scroll of blinking {unknown}
Potions
 d - a potion of might
 e - a potion of resistance {unknown}
 g - a potion of haste {unknown}
 l - a potion of degeneration {unknown}
 o - 2 potions of flight {unknown}
 p - a potion of mutation {unknown}
Comestibles
 f - 5 rations


   Skills:
 + Level 3.6 Fighting
 + Level 3.3 Axes
 + Level 3.6 Armour
 + Level 3.4 Shields


You had 4 spell levels left.
You didn't know any spells.

Dungeon Overview and Level Annotations

Branches:
Dungeon (3/15)

Altars:


Innate Abilities, Weirdness & Mutations

You have a pair of small horns on your head.
You are partially covered in iridescent scales. (AC +2)


Message History

You slash the orc!
You kill the orc!
You closely miss the orc. x2; You slash the orc!
You kill the orc!
You block the orc's attack. x2; The orc barely misses you.
The orc hits you with a flail.
* * * LOW HITPOINT WARNING * * *
The orc barely misses you.
An orc comes into view. It is wielding an enchanted whip.
Your shield and scale mail prevent you from hitting the orc.
The orc is heavily wounded.
You barely miss the orc. You slash the orc!
You kill the orc!
The orc barely misses you. The orc hits you but does no damage.
Unknown command.
You hit the orc.
The orc is heavily wounded.
You closely miss the orc. You block the orc's attack.
The orc hits you with a flail!
You die...

,,,,,,**,*****,,,,,,,,,,,,,,,,,,,
,,,,,,,*,,,,**,,,,,,,,,,,,,,,,,,*
,,,,,,,****,*#,,,,,,,g....,,,,,**
,,,,,,,****,*#.******....#***,**
,,,,,,,**.,,##.* *....,,,,,,**
******,**..##..#* *...#******,*
******,*,.......## *...# **,
,,,,,,,,,......o)####...# **
*,***,,,,...o..o@.).....# *
*,*,,,,*,......)####<...# *
,,,,*,**,.>.....***#§#.##***** *
*,,,,,*,,..(....,,*#§§,..,,,,* *
*,*****,,.......,,,...#,##**,*
,,* **,.......*,,#...,****,****
*** **..##..#*,,.....,,,,,,,,,
*#.*#..****#.#..*,**,***, *,,,,,*
#.#..#,**,,,,,


You could see 3 orcs.

Vanquished Creatures
  A bullfrog (D:3)
  Crazy Yiuf (D:2)
  A hound skeleton (D:2)
  3 adders
  A dart slug (D:1)
  A leopard gecko (D:1)
  3 orcs (D:3)
  4 goblins
  6 hobgoblins
  4 kobolds
  A quokka (D:3)
  A ball python (D:2)
  3 bats
  3 frilled lizards
  4 rats
37 creatures vanquished.

Notes
Turn   | Place    | Note
-------+----------+-------------------------------------------
     0 | D:1      | Mirai the Demonspawn Fighter began the quest for the Orb.
     0 | D:1      | Reached XP level 1. HP: 18/18 MP: 1/1
   211 | D:1      | Gained mutation: You have a pair of small horns on your head. [demonic ancestry]
   211 | D:1      | Reached XP level 2. HP: 21/24 MP: 2/2
   822 | D:2      | Reached XP level 3. HP: 28/29 MP: 3/3
  1060 | D:2      | Found a runed door.
  1064 | D:2      | Noticed Crazy Yiuf
  1070 | D:2      | Killed Crazy Yiuf
  1070 | D:2      | Gained mutation: You are partially covered in iridescent scales. (AC +2) [demonic ancestry]
  1070 | D:2      | Reached XP level 4. HP: 23/35 MP: 4/4
  1675 | D:3      | Noticed a bullfrog
  1699 | D:3      | Killed a bullfrog
  1699 | D:3      | Reached XP level 5. HP: 13/41 MP: 5/5
  1703 | D:3      | Slain by an orc

Skill      XL: |  1  2  3  4 |
---------------+-------------+-----
Axes           | 2 3 |  3.3
Armour         | 3 |  3.6
Shields        | 3 |  3.4
Fighting       | |  3.6

Action                   |  1- 3 |  4- 6 || total
-------------------------+-------+-------++-------
Melee: War axe           |    65 |    34 ||    99
       Headbutt          |     8 |     9 ||    17
  Use: Potion            |     1 |     1 ||     2
       Scroll            |       |     2 ||     2
  Eat: Chunk             |     1 |     1 ||     2
Armor: Scale mail        |    29 |    45 ||    74
Dodge: Dodged            |    20 |    20 ||    40
Block: Shield            |    29 |    43 ||    72
